TOP OF THE 1ST |
Athletic Club KC Reserves batting - Pitching for Naperville Battlekings : RHP William Peck
|
Pitching: RHP William Peck
|
|
Batting: SHB Evan Adams
|
0-0: Foul Ball, location: 2F 0-1: Foul Ball, location: 2F 0-2: Ball 1-2: Fly out, F8 (Flyball, 8LM)
|
Batting: LHB Matt Hartnett
|
0-0: Ball 1-0: Called Strike 1-1: Foul Ball, location: 2F 1-2: SINGLE (Groundball, 3D)
|
Batting: LHB Emílio Sáenz
|
0-0: Called Strike 0-1: Foul Ball, location: 2F 0-2: Foul Ball, location: 2F 0-2: Ball 1-2: Ball 2-2: Foul Ball, location: 2F 2-2: Foul Ball, location: 2F 2-2: Ball 3-2: Strikes out swinging
|
Batting: RHB Bill Dennis
|
0-0: Ball 1-0: Fly out, F9 (Flyball, 89M)
|
Top of the 1st over - 0 run(s), 1 hit(s), 0 error(s), 1 left on base; Athletic Club KC 0 - Naperville 0 |
BOTTOM OF THE 1ST |
Naperville Battlekings batting - Pitching for Athletic Club KC Reserves : RHP Alberto Díaz
|
Pitching: RHP Alberto Díaz
|
|
Batting: RHB Scott Peterson
|
0-0: Ball 1-0: Ball 2-0: Ball 3-0: Base on Balls
|
Batting: RHB Sal Haynes
|
0-0: Ball Scott Peterson steals 2nd base 1-0: Foul Ball, location: 2F 1-1: Ground out 6-3 (Groundball, 6)
|
Batting: LHB Cristo Ramírez
|
0-0: Foul Ball, location: 2F 0-1: Swinging Strike 0-2: Ball 1-2: Ball 2-2: DOUBLE (Flyball, 78XD) Scott Peterson scores
|
Batting: RHB Pedro González
|
0-0: Called Strike 0-1: Ground out 5-3 (Groundball, 5)
|
Batting: RHB Joe Ferneyhough
|
0-0: Ball 1-0: Called Strike 1-1: Ball 2-1: Ball 3-1: Called Strike 3-2: Foul Ball, location: 2F 3-2: Base on Balls
|
Batting: RHB Carlos Gómez
|
0-0: Ground out 6-3 (Groundball, 6)
|
Bottom of the 1st over - 1 run(s), 1 hit(s), 0 error(s), 2 left on base; Athletic Club KC 0 - Naperville 1 |
TOP OF THE 2ND |
Athletic Club KC Reserves batting - Pitching for Naperville Battlekings : RHP William Peck
|
Batting: RHB Robert Hill
|
0-0: Called Strike 0-1: SINGLE (Groundball, 56D)
|
Batting: RHB Máximo Padilla
|
0-0: Called Strike 0-1: Ball 1-1: Foul Ball, location: 2F 1-2: Fly out, F7 (Flyball, 78M)
|
Batting: RHB Adam Hennessey
|
0-0: Ball 1-0: Ball 2-0: Called Strike 2-1: Swinging Strike 2-2: Strikes out swinging
|
Batting: LHB Eduardo López
|
0-0: Ground out U3 (Groundball, 3S)
|
Top of the 2nd over - 0 run(s), 1 hit(s), 0 error(s), 1 left on base; Athletic Club KC 0 - Naperville 1 |
BOTTOM OF THE 2ND |
Naperville Battlekings batting - Pitching for Athletic Club KC Reserves : RHP Alberto Díaz
|
Batting: RHB Marcus Wade
|
0-0: Called Strike 0-1: Foul Ball, location: 2F 0-2: Foul Ball, location: 2F 0-2: Strikes out swinging
|
Batting: RHB Kevin Tyler
|
0-0: Called Strike 0-1: Swinging Strike 0-2: Reached on Error, E4 (Line Drive, 4)
|
Batting: LHB Alfonso Martínez
|
0-0: SINGLE (Groundball, 4MD) (infield hit) Kevin Tyler to second
|
Batting: RHB Scott Peterson
|
0-0: Called Strike 0-1: Ball 1-1: Ball 2-1: Swinging Strike 2-2: SINGLE (Line Drive, 4D) Kevin Tyler to third Alfonso Martínez to second
|
Batting: RHB Sal Haynes
|
0-0: Called Strike 0-1: Ground out 4-3 (Groundball, 4M) Kevin Tyler scores Alfonso Martínez to third Scott Peterson to second
|
Batting: LHB Cristo Ramírez
|
0-0: Ball 1-0: Ball 2-0: Ball 3-0: Base on Balls
|
Batting: RHB Pedro González
|
0-0: Ball 1-0: Called Strike 1-1: Ball 2-1: Ball 3-1: Called Strike 3-2: Base on Balls Alfonso Martínez scores Scott Peterson to third Cristo Ramírez to second
|
Batting: RHB Joe Ferneyhough
|
0-0: Called Strike 0-1: GRAND SLAM HOME RUN (Line Drive, 78XD), Distance : 411 ft
|
Pitching: RHP John Caunce
|
|
Batting: RHB Carlos Gómez
|
0-0: Foul Ball, location: 2F 0-1: Called Strike 0-2: Foul Ball, location: 2F 0-2: Strikes out looking
|
Bottom of the 2nd over - 6 run(s), 3 hit(s), 1 error(s), 0 left on base; Athletic Club KC 0 - Naperville 7 |
TOP OF THE 3RD |
Athletic Club KC Reserves batting - Pitching for Naperville Battlekings : RHP William Peck
|
Batting: RHB Karl Stevens
|
0-0: Ball 1-0: Ball 2-0: Ball 3-0: Called Strike 3-1: Base on Balls
|
Batting: SHB Evan Adams
|
0-0: Called Strike 0-1: Ball 1-1: Swinging Strike 1-2: Foul Ball, location: 2F 1-2: Strikes out swinging
|
Batting: LHB Matt Hartnett
|
0-0: Swinging Strike 0-1: Ball 1-1: Swinging Strike 1-2: Grounds out, U3 (Groundball, 3L)
|
Batting: LHB Emílio Sáenz
|
0-0: Foul Ball, location: 2F 0-1: SINGLE (Groundball, 3L) Karl Stevens to third Runner from 3rd tries for Home, SAFE, no throw or cutoff
|
Batting: RHB Bill Dennis
|
0-0: Called Strike Emílio Sáenz steals 2nd base 0-1: Called Strike 0-2: Foul Ball, location: 2F 0-2: Fly out, F7 (Flyball, 7M)
|
Top of the 3rd over - 1 run(s), 1 hit(s), 0 error(s), 1 left on base; Athletic Club KC 1 - Naperville 7 |
BOTTOM OF THE 3RD |
Naperville Battlekings batting - Pitching for Athletic Club KC Reserves : RHP John Caunce
|
Batting: RHB Marcus Wade
|
0-0: Foul Ball, location: 2F 0-1: Fly out, F9 (Line Drive, 89D)
|
Batting: RHB Kevin Tyler
|
0-0: Called Strike 0-1: Ball 1-1: Ball 2-1: Foul Ball, location: 2F 2-2: Foul Ball, location: 2F 2-2: Fly out, F9 (Flyball, 9S)
|
Batting: LHB Alfonso Martínez
|
0-0: Ball 1-0: Foul Ball, location: 2F 1-1: Called Strike 1-2: Strikes out swinging
|
Bottom of the 3rd over - 0 run(s), 0 hit(s), 0 error(s), 0 left on base; Athletic Club KC 1 - Naperville 7 |
TOP OF THE 4TH |
Athletic Club KC Reserves batting - Pitching for Naperville Battlekings : RHP William Peck
|
Batting: RHB Robert Hill
|
0-0: Called Strike 0-1: Ball 1-1: SINGLE (Line Drive, 78S)
|
Batting: RHB Máximo Padilla
|
0-0: Ball 1-0: Called Strike 1-1: SINGLE (Groundball, 56) Robert Hill to second
|
Batting: RHB Adam Hennessey
|
0-0: Ball 1-0: Ball 2-0: Foul Ball, location: 2F 2-1: Grounds out, U3 (Groundball, 3L) Robert Hill to third
|
Batting: LHB Eduardo López
|
0-0: Fly out, F8 (Flyball, 8RS)
|
Batting: RHB Karl Stevens
|
0-0: Called Strike 0-1: Foul Ball, location: 2F 0-2: Fly out, F8 (Flyball, 8RM)
|
Top of the 4th over - 0 run(s), 2 hit(s), 0 error(s), 2 left on base; Athletic Club KC 1 - Naperville 7 |
BOTTOM OF THE 4TH |
Naperville Battlekings batting - Pitching for Athletic Club KC Reserves : RHP John Caunce
|
Batting: RHB Scott Peterson
|
0-0: Foul Ball, location: 2F 0-1: Ball 1-1: Ball 2-1: Fly out, F4 (Popup, 34D)
|
Batting: RHB Sal Haynes
|
0-0: Ball 1-0: Ball 2-0: Called Strike 2-1: Fly out, F6 (Popup, 5D)
|
Batting: LHB Cristo Ramírez
|
0-0: Ball 1-0: Fly out, F6 (Popup, 4MD)
|
Bottom of the 4th over - 0 run(s), 0 hit(s), 0 error(s), 0 left on base; Athletic Club KC 1 - Naperville 7 |
TOP OF THE 5TH |
Athletic Club KC Reserves batting - Pitching for Naperville Battlekings : RHP William Peck
|
Batting: SHB Evan Adams
|
0-0: Ball 1-0: Ball 2-0: Foul Ball, location: 2F 2-1: Called Strike 2-2: Strikes out swinging
|
Batting: LHB Matt Hartnett
|
0-0: Called Strike 0-1: Fly out, F8 (Flyball, 8LM)
|
Batting: LHB Emílio Sáenz
|
0-0: Ball 1-0: Ball 2-0: SINGLE (Flyball, 7LS)
|
Batting: RHB Bill Dennis
|
0-0: Ball 1-0: Ball 2-0: Ball Pickoff Throw to First - Out!
|
Top of the 5th over - 0 run(s), 1 hit(s), 0 error(s), 0 left on base; Athletic Club KC 1 - Naperville 7 |
BOTTOM OF THE 5TH |
Naperville Battlekings batting - Pitching for Athletic Club KC Reserves : RHP John Caunce
|
Batting: RHB Pedro González
|
0-0: Ball 1-0: Foul Ball, location: 2F 1-1: Ball 2-1: SINGLE (Line Drive, 6MD)
|
Batting: RHB Joe Ferneyhough
|
0-0: Called Strike 0-1: Ball 1-1: Ball 2-1: Foul Ball, location: 2F 2-2: Fly out, F4 (Popup, 4)
|
Batting: RHB Carlos Gómez
|
0-0: Ball 1-0: Ball Pedro González steals 2nd base 2-0: Fly out, F7 (Flyball, 7S)
|
Batting: RHB Marcus Wade
|
0-0: Called Strike 0-1: Ball 1-1: Called Strike 1-2: Strikes out swinging
|
Bottom of the 5th over - 0 run(s), 1 hit(s), 0 error(s), 1 left on base; Athletic Club KC 1 - Naperville 7 |
TOP OF THE 6TH |
Athletic Club KC Reserves batting - Pitching for Naperville Battlekings : RHP William Peck
|
Batting: RHB Bill Dennis
|
0-0: Ball 1-0: Called Strike 1-1: Swinging Strike 1-2: Foul Ball, location: 2F 1-2: Fly out, F8 (Flyball, 8RM)
|
Batting: RHB Robert Hill
|
0-0: Called Strike 0-1: Fly out, F4 (Popup, 4M)
|
Batting: RHB Máximo Padilla
|
0-0: Fly out, F7 (Flyball, 7M)
|
Top of the 6th over - 0 run(s), 0 hit(s), 0 error(s), 0 left on base; Athletic Club KC 1 - Naperville 7 |
BOTTOM OF THE 6TH |
Naperville Battlekings batting - Pitching for Athletic Club KC Reserves : RHP John Caunce
|
Batting: RHB Kevin Tyler
|
0-0: SOLO HOME RUN (Flyball, 78XD), Distance : 416 ft
|
Batting: LHB Alfonso Martínez
|
0-0: Called Strike 0-1: Foul Ball, location: 2F 0-2: Ball 1-2: Ball 2-2: Ground out U3 (Groundball, 3)
|
Batting: RHB Scott Peterson
|
0-0: Ball 1-0: Called Strike 1-1: Ball 2-1: Fly out, F8 (Flyball, 8LM)
|
Batting: RHB Sal Haynes
|
0-0: Called Strike 0-1: Ball 1-1: Foul Ball, location: 2F 1-2: Ball 2-2: Foul Ball, location: 2F 2-2: Hit by Pitch
|
Batting: LHB Cristo Ramírez
|
0-0: Called Strike 0-1: Swinging Strike 0-2: Ball 1-2: Ball 2-2: Ball 3-2: SINGLE (Groundball, 34D) Sal Haynes to second Sal Haynes to third
|
Batting: RHB Pedro González
|
0-0: Fly out, F6 (Popup, 6)
|
Bottom of the 6th over - 1 run(s), 2 hit(s), 0 error(s), 2 left on base; Athletic Club KC 1 - Naperville 8 |
TOP OF THE 7TH |
Athletic Club KC Reserves batting - Pitching for Naperville Battlekings : RHP William Peck
|
Batting: RHB Adam Hennessey
|
0-0: Ball 1-0: Swinging Strike 1-1: Called Strike 1-2: Ball 2-2: Foul Ball, location: 2F 2-2: Foul Ball, location: 2F 2-2: Foul Ball, location: 2F 2-2: Fly out, F9 (Flyball, 9LS)
|
Batting: LHB Eduardo López
|
0-0: Ground out 5-3 (Groundball, 5S)
|
Batting: RHB Karl Stevens
|
0-0: Ball 1-0: Called Strike 1-1: Ball 2-1: Foul Ball, location: 2F 2-2: Ball 3-2: Ground out 4-3 (Groundball, 4)
|
Top of the 7th over - 0 run(s), 0 hit(s), 0 error(s), 0 left on base; Athletic Club KC 1 - Naperville 8 |
BOTTOM OF THE 7TH |
Naperville Battlekings batting - Pitching for Athletic Club KC Reserves : RHP John Caunce
|
Pitching: RHP Rod Bakewell
|
|
Batting: RHB Joe Ferneyhough
|
0-0: Ball 1-0: Ball 2-0: Ball 3-0: Called Strike 3-1: Called Strike 3-2: DOUBLE (Line Drive, 8LM)
|
Batting: RHB Carlos Gómez
|
0-0: Ball 1-0: SINGLE (Line Drive, 89S) Joe Ferneyhough to third
|
Batting: RHB Marcus Wade
|
0-0: Called Strike 0-1: Ball 1-1: Called Strike 1-2: Strikes out swinging
|
Batting: RHB Kevin Tyler
|
0-0: Ball 1-0: Ball 2-0: Fly out, F6 (Popup, 15)
|
Batting: LHB Alfonso Martínez
|
0-0: Ball 1-0: Foul Ball, location: 2F 1-1: Fly out, F7 (Flyball, 7S)
|
Bottom of the 7th over - 0 run(s), 2 hit(s), 0 error(s), 2 left on base; Athletic Club KC 1 - Naperville 8 |
TOP OF THE 8TH |
Athletic Club KC Reserves batting - Pitching for Naperville Battlekings : RHP William Peck
|
Now at 1B: Jack Mason
|
|
Batting: SHB Evan Adams
|
0-0: Ball 1-0: Ball 2-0: Called Strike 2-1: Ball 3-1: Foul Ball, location: 2F 3-2: Foul Ball, location: 2F 3-2: DOUBLE (Line Drive, 7LS)
|
Pitching: LHP Jason Puckett
|
|
Pinch Hitting: RHB Glenn Woods
|
0-0: TRIPLE (Line Drive, 78M) Evan Adams scores
|
Batting: LHB Emílio Sáenz
|
0-0: Ball 1-0: Called Strike 1-1: Ball 2-1: Swinging Strike 2-2: Foul Ball, location: 2F 2-2: Ball 3-2: Fly out, F6 (Popup, 6D)
|
Batting: RHB Bill Dennis
|
0-0: Ball 1-0: Ball 2-0: Ball 3-0: Base on Balls
|
Batting: RHB Robert Hill
|
0-0: Called Strike 0-1: Swinging Strike 0-2: Strikes out looking
|
Batting: RHB Máximo Padilla
|
0-0: Foul Ball, location: 2F 0-1: Ball 1-1: Fly out, F9 (Flyball, 9LM)
|
Top of the 8th over - 1 run(s), 2 hit(s), 0 error(s), 2 left on base; Athletic Club KC 2 - Naperville 8 |
BOTTOM OF THE 8TH |
Naperville Battlekings batting - Pitching for Athletic Club KC Reserves : RHP Rod Bakewell
|
Now in LF: Glenn Woods
|
|
Batting: RHB Scott Peterson
|
0-0: Ball 1-0: Ball 2-0: Ground out 6-3 (Groundball, 6)
|
Batting: RHB Sal Haynes
|
0-0: Ball 1-0: Foul Ball, location: 2F 1-1: Ball 2-1: SINGLE (Groundball, 34D)
|
Batting: LHB Cristo Ramírez
|
0-0: Swinging Strike 0-1: Ball Wild Pitch! Sal Haynes to second 1-1: Ball 2-1: Ground out 6-3 (Groundball, 6)
|
Batting: RHB Pedro González
|
0-0: Called Strike 0-1: Fly out, F7 (Flyball, 7M)
|
Bottom of the 8th over - 0 run(s), 1 hit(s), 0 error(s), 1 left on base; Athletic Club KC 2 - Naperville 8 |
TOP OF THE 9TH |
Athletic Club KC Reserves batting - Pitching for Naperville Battlekings : LHP Jason Puckett
|
Now at C: Earnest Veeck
|
|
Now in RF: Daryl Lloyd
|
|
Batting: RHB Adam Hennessey
|
0-0: Ball 1-0: Called Strike 1-1: Ground out 5-3 (Groundball, 5S)
|
Batting: LHB Eduardo López
|
0-0: Foul Ball, location: 2F 0-1: Swinging Strike 0-2: Ball 1-2: Ball 2-2: Strikes out swinging
|
Batting: RHB Karl Stevens
|
0-0: Called Strike 0-1: SINGLE (Groundball, 6MD)
|
Batting: SHB Evan Adams
|
0-0: Ground out 4-3 (Groundball, 4)
|
Top of the 9th over - 0 run(s), 1 hit(s), 0 error(s), 1 left on base; Athletic Club KC 2 - Naperville 8 |
|